 Dungeon Sprint DCSS version 0.20-a0-507-gc86f373 (console) character file.

787 sorlin the Frost Mage (level 7, -3/70 HPs)
             Began as a Deep Elf Ice Elementalist on Jan 21, 2017.
             Was a Believer of Sif Muna.
             Splashed by a jelly's acid (4 damage)
             ... in the Dungeon (Sprint IX: "|||||||||||||||||||||||||||||").
             The game lasted 00:04:02 (666 turns).

sorlin the Frost Mage (Deep Elf Ice Elementalist)    Turns: 666, Time: 00:04:03

Health: -3/70      AC:  6    Str: 10    XL:     7   Next: 56%
Magic:  8/13       EV: 19    Int: 28    God:    Sif Muna [**....]
Gold:   0          SH:  0    Dex: 15    Spells: 8/12 levels left

rFire    . . .     SeeInvis .   p - +2 scimitar {elec, *Noise rPois rN++}
rCold    . . .     Gourm    .   a - +0 robe
rNeg     + + .     Faith    .   (no shield)
rPois    +         Spirit   .   s - +0 helmet
rElec    .         Reflect  .   (no cloak)
rCorr    .         Harm     .   r - +0 pair of gloves
MR       .....     NoTele   +   (no boots)
Stlth    ..........             (no amulet)
Regen    0.3/turn               u - +3 ring of intelligence
                                t - +3 ring of intelligence

@: berserking (expiring), icy armour, corroded, very slightly contaminated, very
quick
A: no striking features
a: Divine Energy, Renounce Religion


You were in the Dungeon.
You worshipped Sif Muna.
Sif Muna was pleased with you.
You were not hungry.

You visited 1 branch


   Skills:
 + Level 6.5 Fighting
 + Level 10.8 Dodging
 - Level 2.4 Stealth
 - Level 3.0 Spellcasting
   Level 1.1 Conjurations
 + Level 9.4 Charms
 + Level 11.0 Ice Magic


You had 8 spell levels left.
You knew the following spells:

 Your Spells              Type           Power        Failure   Level  Hunger
a - Freeze                Ice            ####         1%          1    None
z - Ozocubu's Armour      Chrm/Ice       ######..     1%          3    ###....

Inventory:

Hand Weapons
 p - the +2 scimitar of Impatience (weapon) {elec, *Noise rPois rN++}
   (You found it in the Dungeon)

   Occasionally, upon striking a foe, it will discharge some electrical energy
   and cause terrible harm.
   It protects you from poison.
   It greatly protects you from negative energy.
   It may make noises in combat.
 q - a +2 rapier of distortion
   (You found it in the Dungeon)
Armour
 a - a +0 robe (worn)
 j - a +0 ring mail
 r - a +0 pair of gloves (worn)
 s - a +0 helmet (worn)
Magical Staves
 o - an uncursed staff of energy
Jewellery
 t - a +3 ring of intelligence (left hand)
 u - a +3 ring of intelligence (right hand)
Wands
 n - a wand of iceblast (7/15)
Scrolls
 i - 2 scrolls of blinking
 l - 3 scrolls of remove curse
 m - 2 scrolls of amnesia
Potions
 d - 5 potions of curing
 e - 3 potions of heal wounds {!q}
 f - a potion of haste {!q}
 g - 4 potions of magic {!q}
Books
 b - a book of Frost

   Spells                             Type                      Level
   a - Freeze                         Ice                          1
   b - Throw Frost                    Conjuration/Ice              2
   c - Ozocubu's Armour               Charms/Ice                   3
   d - Throw Icicle                   Conjuration/Ice              4
   e - Summon Ice Beast               Ice/Summoning                4
Comestibles
 c - a bread ration {!e}


Message History

You take 23 damage.
You barely miss the two-headed ogre.
The two-headed ogre is moderately wounded.
The two-headed ogre closely misses you.
The two-headed ogre hits you with a giant spiked club!
* * * LOW HITPOINT WARNING * * *
You take 8 damage.
You slash the two-headed ogre!
The two-headed ogre is heavily wounded.
You slash the two-headed ogre!
The two-headed ogre is severely wounded.
The two-headed ogre misses you.
The two-headed ogre hits you with a giant spiked club!
* * * LOW HITPOINT WARNING * * *
You take 12 damage.
You slash the two-headed ogre!
There is a sudden explosion of sparks!
You kill the two-headed ogre!
Sif Muna accepts your kill.
You can now request divine energy to cast spells with insufficient magic.
Sif Muna is protecting you from the effects of miscast magic.
Your Fighting skill gained 3 levels and is now at level 6!
Your Dodging skill gained 3 levels and is now at level 10!
Your Charms skill gained 9 levels and is now at level 9!
Your Ice Magic skill gained 2 levels and is now at level 10!
You have reached level 6!
Your experience leads to an increase in your attributes!
Your base attributes are Str 5, Int 21, Dex 15.
Increase (S)trength, (I)ntelligence, or (D)exterity?
You feel clever.
You have reached level 7!
The hound misses you.
Fighting reached 5.
Currently training: Fighting(6.4), Dodging(10.7), Charms(9.3), Ice Magic(10.9).
Choose a target skill level: You slash the hound!
The hound is heavily wounded.
You flicker back into view.
The hound misses you.
You slash the hound!
There is a sudden explosion of sparks!
You kill the hound!
Sif Muna accepts your kill.
Your Ice Magic skill increases to level 11!
You slash the jelly!
Your hands burn!
* * * LOW HITPOINT WARNING * * *
Your scimitar of Impatience applauds itself.
The jelly is severely wounded.
The jelly barely misses you.
You take 2 damage.
You hit the jelly. The acid corrodes you!
Your hands burn!
You die... ████████████████████████ ....yZJ@.[..)...'.______ ████████████████████████

You could see a jelly, a killer bee and a jackal skeleton.

Vanquished Creatures
  A two-headed ogre (D)
  An ice beast (D)
  A crimson imp (D)
  A hound (D)
  An ooze (D)
  2 leopard geckos (D)
  2 orcs (D)
  A bat skeleton (D)
  A goblin (D)
  A bat (D)
  A rat (D)
13 creatures vanquished.

Vanquished Creatures (others)
  A spatial maelstrom (D)
1 creature vanquished.

Grand Total: 14 creatures vanquished

Notes
Turn   | Place    | Note
-------+----------+-------------------------------------------
     0 | D        | sorlin the Deep Elf Ice Elementalist began the quest for the Orb.
     0 | D        | Reached XP level 1. HP: 10/10 MP: 6/6
    10 | D        | Banished a spatial maelstrom
    11 | D        | Reached skill level 4 in Ice Magic
    14 | D        | Reached skill level 5 in Ice Magic
    16 | D        | HP: 3/10 [bat (1)]
   369 | D        | Noticed a crimson imp
   372 | D        | Reached XP level 2. HP: 15/15 MP: 5/8
   375 | D        | Killed a crimson imp
   375 | D        | Reached skill level 5 in Dodging
   375 | D        | Reached skill level 6 in Ice Magic
   375 | D        | Reached XP level 3. HP: 14/19 MP: 2/9
   573 | D        | Found a roughly hewn altar of Beogh.
   573 | D        | Found a snail-covered altar of Cheibriados.
   573 | D        | Found a shadowy altar of Dithmenos.
   573 | D        | Found a white marble altar of Elyvilon.
   573 | D        | Found a blossoming altar of Fedhas.
   573 | D        | Found an opulent altar of Gozag.
   574 | D        | Found a hazy altar of Hepliaklqana.
   578 | D        | Found a viscous altar of Jiyva.
   579 | D        | Found an ancient bone altar of Kikubaaqudgha.
   580 | D        | Found a corrupted altar of Lugonu.
   581 | D        | Found a burning altar of Makhleb.
   582 | D        | Found a sparkling altar of Nemelex Xobeh.
   583 | D        | Found an iron altar of Okawaru.
   584 | D        | Found a stormy altar of Qazlal.
   585 | D        | Found a sacrificial altar of Ru.
   586 | D        | Found a deep blue altar of Sif Muna.
   587 | D        | Found a bloodstained altar of Trog.
   588 | D        | Found a hide-covered altar of Uskayaw.
   589 | D        | Found a radiant altar of Vehumet.
   590 | D        | Found a shimmering altar of Xom.
   591 | D        | Found a basalt altar of Yredelemnul.
   592 | D        | Found a glowing silver altar of Zin.
   593 | D        | Found a glowing golden altar of the Shining One.
   596 | D        | Became a worshipper of Sif Muna the Loreminder
   619 | D        | Got the +2 scimitar of Impatience {elec, *Noise rPois rN++}
   646 | D        | Learned a level 3 spell: Ozocubu's Armour
   647 | D        | Noticed a killer bee
   647 | D        | Noticed a two-headed ogre
   647 | D        | Noticed an ice beast
   654 | D        | Killed an ice beast
   654 | D        | Reached skill level 3 in Fighting
   654 | D        | Reached skill level 7 in Dodging
   654 | D        | Reached skill level 8 in Ice Magic
   654 | D        | Reached XP level 4. HP: 28/28 MP: 6/10
   654 | D        | Reached XP level 5. HP: 32/32 MP: 6/11
   659 | D        | HP: 13/48 [two-headed ogre/giant spiked club (8)]
   661 | D        | HP: 1/48 [two-headed ogre/giant spiked club (12)]
   662 | D        | Killed a two-headed ogre
   662 | D        | Reached * piety under Sif Muna
   662 | D        | Reached ** piety under Sif Muna
   662 | D        | Reached skill level 6 in Fighting
   662 | D        | Reached skill level 10 in Dodging
   662 | D        | Reached skill level 9 in Charms
   662 | D        | Reached skill level 10 in Ice Magic
   662 | D        | Reached XP level 6. HP: 2/42 MP: 7/12
   662 | D        | Reached XP level 7. HP: 2/47 MP: 7/13
   664 | D        | Reached skill level 11 in Ice Magic
   666 | D        | Splashed by a jelly's acid

Vault maps used:
D:        linesprint

Action                   |  1- 3 |  4- 6 |  7- 9 || total
-------------------------+-------+-------+-------++-------
Melee: Unarmed           |    19 |       |       ||    19
       Scimitar          |     4 |     7 |     4 ||    15
 Cast: Freeze            |    16 |       |       ||    16
       Ozocubu's Armour  |     1 |       |       ||     1
  Use: Potion            |     1 |     1 |       ||     2
Armor: Robe              |    14 |     1 |       ||    15
Dodge: Dodged            |    29 |     3 |     3 ||    35
       Rpst.: Scimitar   |     2 |       |       ||     2
